 Dungeon Crawl Stone Soup version 0.21-a0-2-ge494091 (webtiles) character file.

0 glosham the Skirmisher (level 1, -9/20 HPs)
             Began as a Gnoll Abyssal Knight on May 21, 2017.
             Was a Follower of Lugonu.
             Killed from afar by a raiju (14 damage)
             ... with a living lightning
             ... on level 2 of the Abyss.
             The game lasted 00:02:37 (93 turns).

glosham the Skirmisher (Gnoll Abyssal Knight)         Turns: 93, Time: 00:02:37

Health: -9/20      AC:  7    Str: 11    XL:     1   Next: 0%
Magic:  3/3        EV: 12    Int: 12    God:    Lugonu [*.....]
Gold:   0          SH:  0    Dex: 13    Spells: 0/0 levels left

rFire    . . .     SeeInvis .     - Unarmed
rCold    . . .     Gourm    .   (no shield)
rNeg     . . .     Faith    .   a - +0 leather armour
rPois    .         Spirit   .   (no helmet)
rElec    .         Reflect  .   (no cloak)
rCorr    .         Harm     .   (no gloves)
MR       .....                  (no boots)
Stlth    +.........             (no amulet)
Regen    0.1/turn               A - +4 ring of protection
MPRegen  0.1/turn               (no ring)

@: no status effects
A: short attention span, fangs 1, strong nose
a: Depart the Abyss, Renounce Religion


You were on level 2 of the Abyss.
You worshipped Lugonu.
Lugonu was aware of your devotion.
You were not hungry.

You visited 0 branches of the dungeon, and saw 0 of its levels.
You visited the Abyss 1 time.

Inventory:

Armour
 a - a +0 leather armour (worn)
Jewellery
 A - a +4 ring of protection (left hand)
Comestibles
 b - a bread ration


   Skills:
 - Level 4.8 Fighting
 - Level 3.2 Armour
 - Level 1.7 Dodging
 * Level 0.0 Stealth
 - Level 3.2 Unarmed Combat
 - Level 3.0 Invocations


You couldn't memorise any spells.
You didn't know any spells.

Dungeon Overview and Level Annotations

Branches:
Dungeon (0/15)

Altars:


Innate Abilities, Weirdness & Mutations

You have a short attention span.
You have very sharp teeth.
Your uncanny sense of smell can sniff out nearby items.


Message History

The ufetubus hits you but does no damage.
The ufetubus closely misses you. The ufetubus barely misses you.
The ufetubus misses you.
Tentacles burst from the starspawn's body! 2 starspawn tentacles come into view.
The ufetubus completely misses you.
The ufetubus hits you but does no damage.
A raiju comes into view.
The ufetubus hits you but does no damage.
The ufetubus completely misses you.
The ufetubus hits you but does no damage.
The ufetubus closely misses you.
A raiju comes into view.
The ufetubus barely misses you.
The ufetubus hits you but does no damage.
A raiju comes into view.
The raiju barks!
Found 28 gold pieces.
A raiju comes into view.
The ufetubus hits you but does no damage. x2
The ufetubus barely misses you. The ufetubus completely misses you.
The ufetubus barely misses you. The ufetubus closely misses you.
The ufetubus hits you. The ufetubus closely misses you.
The ufetubus closely misses you. The ufetubus completely misses you.
The ufetubus closely misses you. The ufetubus barely misses you.
The ufetubus hits you but does no damage. x2
The ufetubus disappears in a puff of smoke!
The ufetubus misses you. x2
The ufetubus hits you but does no damage.
The ufetubus completely misses you. The raiju misses you.
The ufetubus hits you.
* * * LOW HITPOINT WARNING * * *
The ufetubus barely misses you.
You see here 4 fruits.
The ufetubus disappears in a puff of smoke!
The raiju bursts into living lightning!
The living lightning hits you!
Ouch! That really hurt!
You die...

≈≈ #.#5##5 #... # # ≈ ##
.#.X##..... # # #
≈#_.#.#.##.##..... .# ..
≈≈≈ ...##... # #... ..
#. # #.#..#... ..#...#.
##.. ..## #... #..#. ..
... . .#.###..###.###.
.# .. ..#
###.............. #
#....##.5#..#@....#.#.#.
.. #
..##..#...3.#.#.#...#..#
. .....
.###.#.#..#§.....# .
...#$#h.# #..h...#...##
##h.#.
##...##.#h...§.... #h ##
#...####.#.#....# .
#...#..hx..#.#....
##.##.....#.#.#..# #.
#.###..##...#


You could see 2 raiju and a ynoxinul.

Vanquished Creatures (others)
  4 starspawn tentacles (Abyss:2)
4 creatures vanquished.

Notes
Turn   | Place    | Note
-------+----------+-------------------------------------------
     0 | Abyss:1  | glosham the Gnoll Abyssal Knight began the quest for the Orb.
     0 | Abyss:1  | Reached XP level 1. HP: 20/20 MP: 3/3
     5 | Abyss:1  | Found a corrupted altar of Lugonu.
    48 | Abyss:2  | Noticed a ynoxinul
    51 | Abyss:2  | Noticed a tentacled starspawn
    51 | Abyss:2  | Found a blossoming altar of Fedhas.
    56 | Abyss:2  | Noticed a small abomination
    74 | Abyss:2  | Noticed a raiju
    75 | Abyss:2  | Noticed a raiju
    76 | Abyss:2  | Noticed a raiju
    77 | Abyss:2  | Noticed a raiju
    93 | Abyss:2  | Killed from afar by a raiju

Vault maps used:

Action                   || total
-------------------------++-------
Armor: Leather armour    ||    13
Dodge: Dodged            ||    27

Table legend:
 A = Turns spent in this place as a percentage of turns spent in the entire game.
 B = Non-inter-level travel turns spent in this place as a percentage of non-inter-level travel turns spent in the entire game.
 C = Inter-level travel turns spent in this place as a percentage of turns spent in this place.
 D = Turns resting spent in this place as a percentage of non-inter-level travel turns spent in this place.
 E = Turns spent auto-exploring this place as a percentage of non-inter-level travel turns spent in this place.
 F = Non-inter-level travel turns spent in this place divided by the number of levels of this place that you've seen.
                   A       B       C       D       E      F
               +-------+-------+-------+-------+-------+----------------------
         Total | 100.0 | 100.0 |   0.0 |   0.0 |   0.0 |  48.5
         Abyss | 100.0 | 100.0 |   0.0 |   0.0 |   0.0 |  48.5
               +-------+-------+-------+-------+-------+----------------------

Vault maps used:
